 Dungeon Crawl Stone Soup version 0.23.2-1-ga50397a6bc (webtiles) character file.

Game seed: 10256037284087061462

69 Freyura the Shield-Bearer (level 4, 0/37 HPs)
             Began as a Formicid Fighter on Apr 14, 2019.
             Slain by an iguana (6 damage)
             ... on level 3 of the Dungeon.
             The game lasted 00:03:17 (1672 turns).

Freyura the Shield-Bearer (Formicid Fighter)        Turns: 1672, Time: 00:03:18

Health: 0/37       AC:  7    Str: 20    XL:     4   Next: 42%
Magic:  4/4        EV:  8    Int:  8    God:
Gold:   72         SH:  9    Dex: 11    Spells: 3/3 levels left

rFire    . . .     SeeInvis +   a - +0 flail
rCold    . . .     Gourm    .   c - +0 shield
rNeg     . . .     Faith    .   b - +0 scale mail
rPois    .         Spirit   .   (helmet unavailable)
rElec    .         Reflect  .   (no cloak)
rCorr    .         Harm     .   (no gloves)
MR       .....                  (no boots)
Stlth    +.........             (no amulet)
HPRegen  0.12/turn              g - ring of stealth
MPRegen  0.09/turn              (no ring)

@: no status effects
A: permanent stasis, dig shafts and tunnels, four strong arms, antennae 3
a: Dig, Shaft Self


You were on level 3 of the Dungeon.
You were not hungry.

You visited 1 branch of the dungeon, and saw 3 of its levels.

You collected 72 gold pieces.

Inventory:

Hand Weapons
 a - a +0 flail (weapon)
Armour
 b - a +0 scale mail (worn)
 c - a +0 shield (worn)
Jewellery
 g - a ring of stealth (left hand)
Scrolls
 e - 3 scrolls of teleportation {unknown}
 h - a scroll of noise {unknown}
 j - a scroll of blinking {unknown}
 k - 3 scrolls of identify {unknown}
 m - a scroll of fear {unknown}
Potions
 d - a potion of might
 i - a potion of magic {unknown}
 l - a potion of lignification {unknown}
Comestibles
 f - a ration


   Skills:
 + Level 3.8 Fighting
 * Level 3.0 Maces & Flails
 + Level 3.7 Armour
 + Level 1.0 Dodging
 + Level 4.0 Shields


You had 3 spell levels left.
You didn't know any spells.
Your spell library was empty.

Dungeon Overview and Level Annotations

Branches:
Dungeon (3/15)

Altars:
Sif Muna


Innate Abilities, Weirdness & Mutations

You cannot be hasted, slowed, berserked, paralysed or teleported.
You can dig through walls and to a lower floor.
Your four strong arms can wield two-handed weapons with a shield.
You have a pair of large antennae on your head. (SInv)


Message History

You block the jackal's attack. The jackal barely misses you. x2
You block the iguana's attack.
The jackal bites you but does no damage.
You hit the iguana but do no damage.
The iguana is heavily wounded.
The jackal bites you.
* * * LOW HITPOINT WARNING * * *
You block the jackal's attack. The iguana barely misses you.
You block the jackal's attack.
The jackal bites you but does no damage.
The iguana barely misses you.
You hit the iguana but do no damage.
The iguana is heavily wounded.
You block the jackal's attack. The jackal barely misses you.
The jackal bites you but does no damage.
The jackal closely misses you. You block the iguana's attack.
You closely miss the iguana.
The iguana is heavily wounded.
You block the jackal's attack. x2; The iguana bites you.
You die...

#######
..###.....##
......>....##
...!..l@....#
......hh<...#
............#
............#
###.........#
#.........#
...........#
##.........#
#.....><...


You could see an iguana and 2 jackals.

Vanquished Creatures
  5 worms (D:2)
  3 dart slugs (D:1)
  A leopard gecko (D:2)
  9 bats
  A giant cockroach (D:3)
  3 hobgoblins (D:1)
  4 jackals
  2 ball pythons
  3 frilled lizards
  5 goblins
  3 kobolds
  11 rats
50 creatures vanquished.

Notes
Turn   | Place    | Note
-------+----------+-------------------------------------------
     0 | D:1      | Freyura the Formicid Fighter began the quest for the Orb.
     0 | D:1      | Reached XP level 1. HP: 18/18 MP: 1/1
    98 | D:1      | Reached XP level 2. HP: 19/24 MP: 2/2
   310 | D:1      | Reached XP level 3. HP: 29/29 MP: 3/3
   987 | D:2      | Found a deep blue altar of Sif Muna.
  1005 | D:2      | Reached XP level 4. HP: 34/37 MP: 4/4
  1017 | D:2      | Found a faded altar of an unknown god.
  1038 | D:2      | Reached skill level 1 in Dodging
  1043 | D:2      | Reached skill level 4 in Shields
  1672 | D:3      | Slain by an iguana

Skill      XL: |  1  2  3  4 |
---------------+-------------+-----
Dodging        | 1 |  1.0
Shields        | 4 |  4.0
Maces & Flails | 3 |  3.0
Fighting       | |  3.8
Armour         | |  3.7

Action                   |  1- 3 |  4- 6 || total
-------------------------+-------+-------++-------
Melee: Flail             |   110 |    51 ||   161
  Eat: Ration            |       |     1 ||     1
       Chunk             |       |     1 ||     1
Armor: Scale mail        |    76 |    32 ||   108
Dodge: Dodged            |    49 |    34 ||    83
Block: Shield            |    74 |    48 ||   122
